TOP OF THE 1ST |
Lakeland Pilots batting - Pitching for Daytona Beach Islanders : LHP Richard Herendeen
|
Pitching: LHP Richard Herendeen
|
|
Batting: LHB Chris Stropolo
|
0-0: Ball 1-0: Called Strike 1-1: Called Strike 1-2: Ball 2-2: Ball 3-2: Base on Balls
|
Batting: RHB Dave C Anderson
|
0-0: Ball 1-0: Called Strike 1-1: Foul Ball, location: 2F 1-2: Foul Ball, location: 2F 1-2: Fielders Choice at 2nd, 6-4 (Groundball, 6M, EV 85.0 MPH)
|
Batting: SHB Mike D Young
|
0-0: Foul Ball, location: 2F 0-1: Ball 1-1: Ball 2-1: Ball 3-1: Base on Balls Dave C Anderson to second
|
Batting: LHB Mike Laga
|
0-0: Called Strike 0-1: Ball 1-1: Called Strike 1-2: Strikes out looking
|
Batting: RHB John Guarino
|
0-0: Called Strike 0-1: Ball 1-1: Ground out 5-3 (Groundball, 56S, EV 92.5 MPH)
|
Top of the 1st over - 0 runs, 0 hits, 0 errors, 2 left on base; Lakeland 0 - Daytona Beach 0 |
BOTTOM OF THE 1ST |
Daytona Beach Islanders batting - Pitching for Lakeland Pilots : RHP Rich Buonantony
|
Pitching: RHP Rich Buonantony
|
|
Batting: SHB Michael Frierson
|
0-0: Ball 1-0: Foul Ball, location: 2F 1-1: Bunt for hit to P - play at first, batter OUT! 1-3
|
Batting: RHB Kalvin Adams
|
0-0: Ground out 3-1 (Groundball, 34, EV 80.6 MPH)
|
Batting: SHB Randle Granger
|
0-0: Foul Ball, location: 2F 0-1: Ball 1-1: Foul Ball, location: 2F 1-2: Fly out, F9 (Flyball, 9D, EV 101.9 MPH)
|
Bottom of the 1st over - 0 runs, 0 hits, 0 errors, 0 left on base; Lakeland 0 - Daytona Beach 0 |
TOP OF THE 2ND |
Lakeland Pilots batting - Pitching for Daytona Beach Islanders : LHP Richard Herendeen
|
Batting: SHB Raul Gonzalez
|
0-0: Called Strike 0-1: Foul Ball, location: 2F 0-2: Ground out 6-3 (Groundball, 6S, EV 81.9 MPH)
|
Batting: RHB Kevin McGann
|
0-0: Called Strike 0-1: Ball 1-1: Foul Ball, location: 2F 1-2: Ball 2-2: Ground out U3 (Groundball, 3L, EV 81.9 MPH)
|
Batting: SHB Alphonso Eiland
|
0-0: Ball 1-0: Fly out, F7 (Flyball, 7LS, EV 81.3 MPH)
|
Top of the 2nd over - 0 runs, 0 hits, 0 errors, 0 left on base; Lakeland 0 - Daytona Beach 0 |
BOTTOM OF THE 2ND |
Daytona Beach Islanders batting - Pitching for Lakeland Pilots : RHP Rich Buonantony
|
Batting: RHB Steven Houlberg
|
0-0: Called Strike 0-1: Called Strike 0-2: Fly out, F7 (Line Drive, 7, EV 92.5 MPH)
|
Batting: RHB Michael Lavery
|
0-0: Ground out 5-3 (Groundball, 56S, EV 68.8 MPH)
|
Batting: RHB Steven Roberts
|
0-0: Fly out, F8 (Line Drive, 8LD, EV 94.4 MPH)
|
Bottom of the 2nd over - 0 runs, 0 hits, 0 errors, 0 left on base; Lakeland 0 - Daytona Beach 0 |
TOP OF THE 3RD |
Lakeland Pilots batting - Pitching for Daytona Beach Islanders : LHP Richard Herendeen
|
Batting: LHB Michael Shinn
|
0-0: Ball 1-0: Foul Ball, location: 2F 1-1: Ball 2-1: Foul Ball, location: 2F 2-2: Foul Ball, location: 2F 2-2: Ball 3-2: SINGLE (Line Drive, 7S, EV 98.1 MPH)
|
Batting: LHB Chris Stropolo
|
0-0: Foul Ball, location: 2F 0-1: Swinging Strike 0-2: Ball 1-2: Foul Ball, location: 2F 1-2: Ball 2-2: Fly out, F7 (Flyball, 7LM, EV 93.1 MPH)
|
Batting: RHB Dave C Anderson
|
0-0: Called Strike 0-1: Called Strike 0-2: Strikes out looking
|
Batting: SHB Mike D Young
|
0-0: Foul Ball, location: 2F 0-1: Fly out, F7 (Flyball, 7D, EV 91.9 MPH)
|
Top of the 3rd over - 0 runs, 1 hit, 0 errors, 1 left on base; Lakeland 0 - Daytona Beach 0 |
BOTTOM OF THE 3RD |
Daytona Beach Islanders batting - Pitching for Lakeland Pilots : RHP Rich Buonantony
|
Batting: RHB Jeffrey Coker
|
0-0: Called Strike 0-1: Ball 1-1: Ball 2-1: Ball 3-1: Swinging Strike 3-2: Foul Ball, location: 2F 3-2: Strikes out swinging
|
Batting: RHB Robert Whitfield
|
0-0: Ball 1-0: Foul Ball, location: 2F 1-1: Swinging Strike 1-2: Foul Ball, location: 2F 1-2: Ball 2-2: Ball 3-2: Foul Ball, location: 2F 3-2: Strikes out swinging
|
Batting: RHB Tarry Boelter
|
0-0: Ball 1-0: Ball 2-0: Foul Ball, location: 2F 2-1: Ground out 6-3 (Groundball, 56, EV 102.5 MPH)
|
Bottom of the 3rd over - 0 runs, 0 hits, 0 errors, 0 left on base; Lakeland 0 - Daytona Beach 0 |
TOP OF THE 4TH |
Lakeland Pilots batting - Pitching for Daytona Beach Islanders : LHP Richard Herendeen
|
Batting: LHB Mike Laga
|
0-0: Ball 1-0: Ball 2-0: Ball 3-0: Base on Balls
|
Batting: RHB John Guarino
|
0-0: Ball 1-0: Foul Ball, location: 2F 1-1: Ball 2-1: Ball 3-1: Base on Balls Mike Laga to second
|
Batting: SHB Raul Gonzalez
|
0-0: Ball 1-0: Swinging Strike 1-1: Ball 2-1: Ball 3-1: Called Strike 3-2: Fielders Choice at 2nd, 6-4 (Groundball, 6, EV 83.8 MPH) Mike Laga to third
|
Batting: RHB Kevin McGann
|
0-0: Called Strike 0-1: Foul Ball, location: 2F 0-2: Ball 1-2: Ball Raul Gonzalez steals 2nd base 2-2: Ball 3-2: Ground out 5-3 (Groundball, 56S, EV 90.6 MPH)
|
Batting: SHB Alphonso Eiland
|
0-0: Ball 1-0: Called Strike 1-1: Ball 2-1: Swinging Strike 2-2: Foul Ball, location: 2F 2-2: Ball 3-2: Foul Ball, location: 2F 3-2: Foul Ball, location: 2F 3-2: Foul Ball, location: 2F 3-2: Strikes out swinging
|
Top of the 4th over - 0 runs, 0 hits, 0 errors, 2 left on base; Lakeland 0 - Daytona Beach 0 |
BOTTOM OF THE 4TH |
Daytona Beach Islanders batting - Pitching for Lakeland Pilots : RHP Rich Buonantony
|
Batting: SHB Michael Frierson
|
0-0: Ball 1-0: Foul Ball, location: 2F 1-1: Ball 2-1: Bunt for hit to 13S - play at first, batter OUT! 1-3
|
Batting: RHB Kalvin Adams
|
0-0: Called Strike 0-1: Ball 1-1: Foul Ball, location: 2F 1-2: Ball 2-2: Strikes out swinging, 2-3 out at first.
|
Batting: SHB Randle Granger
|
0-0: Ball 1-0: Ground out 6-3 (Groundball, 6, EV 80.6 MPH)
|
Bottom of the 4th over - 0 runs, 0 hits, 0 errors, 0 left on base; Lakeland 0 - Daytona Beach 0 |
TOP OF THE 5TH |
Lakeland Pilots batting - Pitching for Daytona Beach Islanders : LHP Richard Herendeen
|
Batting: LHB Michael Shinn
|
0-0: Ball 1-0: Ball 2-0: Foul Ball, location: 2F 2-1: Ball 3-1: Called Strike 3-2: Foul Ball, location: 2F 3-2: Foul Ball, location: 2F 3-2: Foul Ball, location: 2F 3-2: Ground out 4-3 (Groundball, 4, EV 100.0 MPH)
|
Batting: LHB Chris Stropolo
|
0-0: Ball 1-0: Foul Ball, location: 2F 1-1: Ground out 4-3 (Groundball, 4S, EV 76.3 MPH)
|
Batting: RHB Dave C Anderson
|
0-0: Called Strike 0-1: Foul Ball, location: 2F 0-2: Strikes out swinging
|
Top of the 5th over - 0 runs, 0 hits, 0 errors, 0 left on base; Lakeland 0 - Daytona Beach 0 |
BOTTOM OF THE 5TH |
Daytona Beach Islanders batting - Pitching for Lakeland Pilots : RHP Rich Buonantony
|
Batting: RHB Steven Houlberg
|
0-0: Called Strike 0-1: Foul Ball, location: 2F 0-2: Strikes out swinging
|
Batting: RHB Michael Lavery
|
0-0: Fly out, F9 (Flyball, 9LS, EV 90.0 MPH)
|
Batting: RHB Steven Roberts
|
0-0: Called Strike 0-1: Foul Ball, location: 2F 0-2: Ball 1-2: Ball 2-2: Foul Ball, location: 2F 2-2: Foul Ball, location: 2F 2-2: Foul Ball, location: 2F 2-2: Strikes out looking
|
Bottom of the 5th over - 0 runs, 0 hits, 0 errors, 0 left on base; Lakeland 0 - Daytona Beach 0 |
TOP OF THE 6TH |
Lakeland Pilots batting - Pitching for Daytona Beach Islanders : LHP Richard Herendeen
|
Batting: SHB Mike D Young
|
0-0: Fly out, F9 (Flyball, 9D, EV 101.3 MPH)
|
Batting: LHB Mike Laga
|
0-0: Swinging Strike 0-1: Ball 1-1: Foul Ball, location: 2F 1-2: Strikes out swinging
|
Batting: RHB John Guarino
|
0-0: Ball 1-0: Ball 2-0: Swinging Strike 2-1: Ball 3-1: Base on Balls
|
Batting: SHB Raul Gonzalez
|
0-0: Ball 1-0: Ball 2-0: Called Strike 2-1: Foul Ball, location: 2F 2-2: Foul Ball, location: 2F 2-2: Ball 3-2: SINGLE (Groundball, 6MD, EV 99.4 MPH) John Guarino to second John Guarino to third
|
Batting: RHB Kevin McGann
|
0-0: Fly out, F9 (Line Drive, 9, EV 90.0 MPH)
|
Top of the 6th over - 0 runs, 1 hit, 0 errors, 2 left on base; Lakeland 0 - Daytona Beach 0 |
BOTTOM OF THE 6TH |
Daytona Beach Islanders batting - Pitching for Lakeland Pilots : RHP Rich Buonantony
|
Batting: RHB Jeffrey Coker
|
0-0: Called Strike 0-1: Ball 1-1: Called Strike 1-2: Foul Ball, location: 2F 1-2: Ball 2-2: Foul Ball, location: 2F 2-2: SINGLE (Groundball, 6D, EV 93.8 MPH)
|
Batting: RHB Robert Whitfield
|
0-0: Sac Bunt to 15S - play at first, batter OUT! 1-3 Jeffrey Coker to second
|
Batting: RHB Tarry Boelter
|
0-0: Called Strike 0-1: Fly out, F7 (Line Drive, 7, EV 91.9 MPH)
|
Batting: SHB Michael Frierson
|
0-0: Foul Ball, location: 2F 0-1: Foul Ball, location: 2F 0-2: Ball 1-2: Ball 2-2: Ball 3-2: Strikes out swinging
|
Bottom of the 6th over - 0 runs, 1 hit, 0 errors, 1 left on base; Lakeland 0 - Daytona Beach 0 |
TOP OF THE 7TH |
Lakeland Pilots batting - Pitching for Daytona Beach Islanders : LHP Richard Herendeen
|
Batting: SHB Alphonso Eiland
|
0-0: Foul Ball, location: 2F 0-1: Called Strike 0-2: Strikes out swinging
|
Batting: LHB Michael Shinn
|
0-0: Called Strike 0-1: Ball 1-1: Ball 2-1: Ball 3-1: Fly out, F8 (Line Drive, 8LM, EV 104.4 MPH)
|
Batting: LHB Chris Stropolo
|
0-0: Ball 1-0: Ball 2-0: Foul Ball, location: 2F 2-1: Called Strike 2-2: Ground out U3 (Groundball, 3, EV 85.0 MPH)
|
Top of the 7th over - 0 runs, 0 hits, 0 errors, 0 left on base; Lakeland 0 - Daytona Beach 0 |
BOTTOM OF THE 7TH |
Daytona Beach Islanders batting - Pitching for Lakeland Pilots : RHP Rich Buonantony
|
Batting: RHB Kalvin Adams
|
0-0: Called Strike 0-1: Ball 1-1: Ground out 4-3 (Groundball, 4, EV 83.8 MPH)
|
Batting: SHB Randle Granger
|
0-0: SINGLE (Groundball, 4MD, EV 105.6 MPH)
|
Batting: RHB Steven Houlberg
|
0-0: Ball Randle Granger steals 2nd base 1-0: Called Strike 1-1: Foul Ball, location: 2F 1-2: Foul Ball, location: 2F 1-2: Strikes out swinging
|
Batting: RHB Michael Lavery
|
0-0: Fly out, F6 (Popup, P, EV 85.0 MPH)
|
Bottom of the 7th over - 0 runs, 1 hit, 0 errors, 1 left on base; Lakeland 0 - Daytona Beach 0 |
TOP OF THE 8TH |
Lakeland Pilots batting - Pitching for Daytona Beach Islanders : LHP Richard Herendeen
|
Pitching: RHP Nelson Munoz
|
|
Batting: RHB Dave C Anderson
|
0-0: Called Strike 0-1: Swinging Strike 0-2: Strikes out swinging
|
Batting: SHB Mike D Young
|
0-0: Called Strike 0-1: Ball 1-1: Ball 2-1: Ground out U3 (Groundball, 34, EV 106.3 MPH)
|
Batting: LHB Mike Laga
|
0-0: Ball 1-0: Foul Ball, location: 2F 1-1: SOLO HOME RUN (Flyball, 89XD, EV 95.0 MPH), Distance : 404 ft
|
Batting: RHB John Guarino
|
0-0: Ball 1-0: Ball 2-0: Swinging Strike 2-1: Ball 3-1: Swinging Strike 3-2: Foul Ball, location: 2F 3-2: Foul Ball, location: 2F 3-2: SINGLE (Line Drive, 89S, EV 88.8 MPH)
|
Batting: SHB Raul Gonzalez
|
0-0: Called Strike 0-1: Ball 1-1: Ball 2-1: Ball 3-1: Foul Ball, location: 2F 3-2: Base on Balls John Guarino to second
|
Pinch Runner at 2nd Vernon Armstead:
|
|
Batting: RHB Kevin McGann
|
0-0: Ground out 4-3 (Groundball, 4, EV 85.6 MPH)
|
Top of the 8th over - 1 run, 2 hits, 0 errors, 2 left on base; Lakeland 1 - Daytona Beach 0 |
BOTTOM OF THE 8TH |
Daytona Beach Islanders batting - Pitching for Lakeland Pilots : RHP Rich Buonantony
|
Batting: RHB Steven Roberts
|
0-0: Called Strike 0-1: Foul Ball, location: 2F 0-2: Ground out U3 (Groundball, 3, EV 102.5 MPH)
|
Batting: RHB Jeffrey Coker
|
0-0: Foul Ball, location: 2F 0-1: Fly out, F8 (Flyball, 8RD, EV 76.9 MPH)
|
Batting: RHB Robert Whitfield
|
0-0: Ball 1-0: Called Strike 1-1: Ball 2-1: Fly out, F8 (Flyball, 8RM, EV 89.4 MPH)
|
Bottom of the 8th over - 0 runs, 0 hits, 0 errors, 0 left on base; Lakeland 1 - Daytona Beach 0 |
TOP OF THE 9TH |
Lakeland Pilots batting - Pitching for Daytona Beach Islanders : RHP Nelson Munoz
|
Pitching: LHP Richard Ford
|
|
Batting: SHB Alphonso Eiland
|
0-0: Swinging Strike 0-1: Ground out U3 (Groundball, 3S, EV 87.5 MPH)
|
Batting: LHB Michael Shinn
|
0-0: Swinging Strike 0-1: Ground out 4-3 (Groundball, 4, EV 86.3 MPH)
|
Batting: LHB Chris Stropolo
|
0-0: Called Strike 0-1: Ball 1-1: Ball 2-1: Ball 3-1: Fly out, F9 (Flyball, 89D, EV 108.8 MPH)
|
Top of the 9th over - 0 runs, 0 hits, 0 errors, 0 left on base; Lakeland 1 - Daytona Beach 0 |
BOTTOM OF THE 9TH |
Daytona Beach Islanders batting - Pitching for Lakeland Pilots : RHP Rich Buonantony
|
Now at 1B: Victor Saenz
|
|
Batting: RHB Tarry Boelter
|
0-0: Ball 1-0: Called Strike 1-1: Called Strike 1-2: Ground out 6-3 (Groundball, 6, EV 87.5 MPH)
|
Batting: SHB Michael Frierson
|
0-0: Ball 1-0: Swinging Strike 1-1: Called Strike 1-2: Ball 2-2: Ball 3-2: Strikes out swinging
|
Batting: RHB Kalvin Adams
|
0-0: Called Strike 0-1: Called Strike 0-2: Ball 1-2: Ball 2-2: Strikes out looking
|
Bottom of the 9th over - 0 runs, 0 hits, 0 errors, 0 left on base; Lakeland 1 - Daytona Beach 0 |
|